 Dungeon Crawl Stone Soup version 0.24.1-14-gf8d2b509d9 (console) character file.

Game seed: 16450881187477911160, levelgen mode: deterministic

2220 Kagalorn the Skirmisher (level 9, -6/74 HPs)
             Began as a Gnoll Wanderer on Mar 2, 2021.
             Was a Follower of Ashenzari.
             Mangled by an orc warrior
             ... wielding a +0 glaive
              (18 damage)
             ... on level 7 of the Dungeon.
             The game lasted 00:16:19 (7862 turns).

Kagalorn the Skirmisher (Gnoll Wanderer)            Turns: 7862, Time: 00:16:20

Health: -6/74      AC:  7    Str: 19    XL:     9   Next: 35%
Magic:  24/24      EV: 11    Int: 16    God:    Ashenzari [*.....]
Gold:   29         SH:  7    Dex: 10    Spells: 16/16 levels left

rFire    . . .     SeeInvis .   a - +0 scimitar
rCold    . . .     Gourm    .   Q - +0 buckler
rNeg     . . .     Faith    .   d - +0 ring mail (curse)
rPois    .         Spirit   .   (no helmet)
rElec    .         Reflect  +   (no cloak)
rCorr    .         Harm     .   D - +0 pair of gloves (curse)
MR       .....                  O - +0 pair of boots
Stlth    ++........             w - +3 amulet of reflection
HPRegen  0.22/turn              j - ring of magical power
MPRegen  0.19/turn              A - -2 ring of dexterity (curse)

@: heavily drained
A: distributed training, fangs 1, strong nose
a: Curse Item, Scrying, Renounce Religion


You were on level 7 of the Dungeon.
You worshipped Ashenzari.
Ashenzari was aware of your devotion.
You were hungry.

You visited 2 branches of the dungeon, and saw 9 of its levels.

You collected 485 gold pieces.
You spent 456 gold pieces at shops.

Inventory:

Hand Weapons
 a - a +0 scimitar (weapon)
 b - a +2 short sword
Missiles
 g - 6 datura-tipped darts
 m - 4 atropa-tipped darts (quivered)
 n - 242 stones
 o - 47 sling bullets
 u - 4 boomerangs
 y - 141 arrows
 B - 66 bolts
 I - 3 javelins
Armour
 d - a cursed +0 ring mail (worn)
 s - a +0 chain mail
 z - the cursed +1 scale mail "Patih" {Int+3}
   (You bought it in a shop on level 7 of the Dungeon)

   It affects your intelligence (+3).
   It has a curse placed upon it.
 D - a cursed +0 pair of gloves (worn)
 E - a +0 plate armour
 O - a +0 pair of boots (worn)
 Q - a +0 buckler (worn)
Jewellery
 j - a ring of magical power (left hand)
 l - an uncursed ring of resist corrosion
 w - a +3 amulet of reflection (around neck)
 A - a cursed -2 ring of dexterity (right hand)
Wands
 x - a wand of paralysis (7)
 F - a wand of iceblast (17)
 L - a wand of flame (24)
Scrolls
 e - 2 scrolls of blinking {unknown}
 i - 3 scrolls of remove curse
 k - 2 scrolls of enchant armour {unknown}
 q - 3 scrolls of magic mapping {unknown}
 t - 2 scrolls of immolation {unknown}
 C - 4 scrolls of teleportation
 K - 3 scrolls of amnesia {unknown}
 P - 2 scrolls of fog {unknown}
 S - a scroll of acquirement {unknown}
Potions
 c - 8 potions of curing
 h - 4 potions of heal wounds
 p - 4 potions of lignification
 r - 2 potions of mutation
 v - 2 potions of berserk rage
 G - a potion of agility
 H - a potion of invisibility
 J - a potion of cancellation
 M - a potion of might
 N - a potion of haste
 R - a potion of resistance {unknown}
Comestibles
 f - 7 rations


   Skills:
 + Level 7.8(6.2) Fighting
 + Level 4.9(3.4) Short Blades
 + Level 4.1(2.6) Long Blades
 + Level 4.1(2.6) Axes
 + Level 4.1(2.6) Maces & Flails
 + Level 4.1(2.6) Polearms
 + Level 4.1(2.6) Staves
 + Level 4.1(2.6) Slings
 + Level 4.1(2.6) Bows
 + Level 4.9(3.4) Crossbows
 + Level 4.1(2.6) Throwing
 + Level 4.1(2.6) Armour
 + Level 4.9(3.4) Dodging
 + Level 7.3(5.7) Stealth
 + Level 4.1(2.6) Shields
 + Level 4.1(2.6) Unarmed Combat
 + Level 4.1(2.6) Spellcasting
 + Level 3.3(1.9) Conjurations
 + Level 3.3(1.9) Hexes
 + Level 3.3(1.9) Charms
 + Level 3.3(1.9) Summonings
 + Level 3.3(1.9) Necromancy
 + Level 3.3(1.9) Translocations
 + Level 3.3(1.9) Transmutations
 + Level 3.3(1.9) Fire Magic
 + Level 3.3(1.9) Ice Magic
 + Level 3.3(1.9) Air Magic
 + Level 3.3(1.9) Earth Magic
 + Level 3.3(1.9) Poison Magic
 + Level 4.5(3.0) Invocations
 + Level 4.9(3.4) Evocations


You had 16 spell levels left.
You didn't know any spells.
Your spell library contained the following spells:

 Spells                   Type           Power        Failure   Level  Hunger
 Cause Fear               Hex            #.........   86%         4    #####..
 Silence                  Hex/Air        #.........   99%         5    ######.
 Yara's Violent Unravell  Hex/Tmut       #.........   99%         5    ######.
 Deflect Missiles         Chrm/Air       #.........   100%        6    #######
 Discord                  Hex            #.........   100%        8    #######


Dungeon Overview and Level Annotations

Branches:
Dungeon (8/15)             Temple (1/1) D:6
   Lair: D:8-11

Altars:
Ashenzari
Cheibriados
Dithmenos
Elyvilon
Fedhas
Gozag
Hepliaklqana
Kikubaaqudgha
Makhleb
Nemelex Xobeh
Okawaru
Qazlal
Ru
Sif Muna
Trog
Uskayaw
Vehumet
Wu Jian
Xom
Yredelemnul
Zin
The Shining One

Shops:
D:7 *[%[

Annotations:
D:7 2 transporters, TheNamelessOne's ghost, novice OpWz


Innate Abilities, Weirdness & Mutations

Your experience applies equally to all skills.
You have very sharp teeth.
Your uncanny sense of smell can sniff out nearby items.


Message History

The orc warrior hits you with a +0 glaive.
You closely miss the orc warrior.
You bite the orc warrior, but do no damage.
The orc warrior is heavily wounded.
You are feeling hungry.
The orc warrior hits you with a +0 glaive!
You closely miss the orc warrior.
The orc warrior is heavily wounded.
The orc warrior hits you with a +0 glaive!
* * * LOW HITPOINT WARNING * * *
You hit the orc warrior.
The orc warrior is heavily wounded.
The orc warrior hits you with a +0 glaive.
* * * LOW HITPOINT WARNING * * *
You closely miss the orc warrior.
The orc warrior is heavily wounded.
The orc warrior hits you but does no damage.
There is a stone staircase leading up, spattered with blood here.
The orc warrior hits you from afar with a +0 glaive!!
You die...

'.......#........# #.####
'....#+###.......# ###....#####
#....#.# #.......# #.#.##.....#
.....#.####'###### #.#.##.PP..#
....[[........######.#.#..P∩P.###
..........................PPP...^
...#...........#####...##.....###
##.#...........#####.......#.##
.............>..@.......##.#.#
##.######'###...)###....<#.#.####
...# #.......o...###......#.....
...# ##..................######.#
...###.........[..............#.#
...................#........###.#
.......#....#...#..#.....##.###.#
.......#.##.#...#..#..#..#......#
##.....#.##.#...#..#..#..########


You could see an orc warrior.

Vanquished Creatures
  An unseen horror (D:6)
  A water moccasin (D:7)
  A black bear (D:7)
  An ice beast (D:6)
  2 ogres
  2 centaurs
  A bullfrog (D:7)
  A wight (D:6)
  A howler monkey (D:4)
  4 crimson imps
  6 orc wizards
  7 orc priests
  A centaur skeleton (D:7)
  3 hounds
  4 worker ants
  2 worker ant zombies (D:6)
  3 gnolls
  3 adders (D:2)
  3 shadow imps
  3 oozes
  An adder zombie (D:8)
  3 worms
  2 dart slugs (D:1)
  A leopard gecko (D:3)
  21 orcs
  14 bats
  5 giant cockroaches
  5 goblins
  9 hobgoblins
  9 jackals
  A quokka (D:7)
  7 frilled lizards
  11 kobolds
  9 rats
148 creatures vanquished.

Notes
Turn   | Place    | Note
-------+----------+-------------------------------------------
     0 | D:1      | Kagalorn the Gnoll Wanderer began the quest for the Orb.
     0 | D:1      | Kagalorn set off with the following items: a +2 short
                  | sword, a scroll of teleportation, a potion of curing, a +0
                  | robe, a +0 dagger, a ration
     0 | D:1      | Reached XP level 1. HP: 23/23 MP: 2/2
    73 | D:1      | Reached XP level 2. HP: 29/29 MP: 3/3
   288 | D:1      | Reached XP level 3. HP: 24/35 MP: 4/4
   782 | D:2      | Reached skill level 1 in Invocations
   842 | D:2      | Reached skill level 1 in Long Blades
   842 | D:2      | Reached skill level 1 in Axes
   842 | D:2      | Reached skill level 1 in Maces & Flails
   842 | D:2      | Reached skill level 1 in Polearms
   842 | D:2      | Reached skill level 1 in Staves
   842 | D:2      | Reached skill level 1 in Slings
   842 | D:2      | Reached skill level 1 in Bows
   842 | D:2      | Reached skill level 1 in Throwing
   842 | D:2      | Reached skill level 1 in Armour
   842 | D:2      | Reached skill level 1 in Shields
   842 | D:2      | Reached skill level 1 in Unarmed Combat
   842 | D:2      | Reached skill level 1 in Spellcasting
   937 | D:2      | Reached XP level 4. HP: 41/41 MP: 6/6
  1654 | D:2      | Reached skill level 1 in Conjurations
  1654 | D:2      | Reached skill level 1 in Hexes
  1654 | D:2      | Reached skill level 1 in Charms
  1654 | D:2      | Reached skill level 1 in Summonings
  1654 | D:2      | Reached skill level 1 in Necromancy
  1654 | D:2      | Reached skill level 1 in Translocations
  1654 | D:2      | Reached skill level 1 in Transmutations
  1654 | D:2      | Reached skill level 1 in Fire Magic
  1654 | D:2      | Reached skill level 1 in Ice Magic
  1654 | D:2      | Reached skill level 1 in Air Magic
  1654 | D:2      | Reached skill level 1 in Earth Magic
  1654 | D:2      | Reached skill level 1 in Poison Magic
  1656 | D:2      | You fall into a shaft and drop 2 floors!
  1672 | D:4      | Reached XP level 5. HP: 47/47 MP: 7/7
  1996 | D:3      | Found a faded altar of an unknown god.
  2882 | D:4      | Reached XP level 6. HP: 34/53 MP: 8/8
  3662 | D:5      | Entered Level 5 of the Dungeon
  3690 | D:5      | Found a shattered altar of Ashenzari.
  3707 | D:5      | Became a worshipper of Ashenzari the Shackled
  3814 | D:5      | Reached XP level 7. HP: 38/59 MP: 10/10
  4949 | D:6      | Killed an unseen horror
  4949 | D:6      | Reached XP level 8. HP: 36/67 MP: 12/12
  5541 | D:6      | Found a staircase to the Ecumenical Temple.
  5563 | Temple   | Entered the Ecumenical Temple
  5995 | D:7      | Found Koro's Antique Armour Shoppe.
  6152 | D:7      | Reached * piety under Ashenzari
  6173 | D:7      | Found Niozom's General Store.
  6201 | D:7      | Bought a scroll of identify for 20 gold pieces
  6201 | D:7      | Bought a +0 buckler for 45 gold pieces
  6201 | D:7      | Bought a potion of mutation for 80 gold pieces
  6201 | D:7      | Bought a potion of heal wounds for 50 gold pieces
  6237 | D:7      | Found Moll's Food Boutique.
  6285 | D:7      | Reached XP level 9. HP: 59/72 MP: 14/14
  6814 | D:7      | Noticed a moth of wrath
  6815 | D:7      | Noticed TheNamelessOne's ghost (novice OpWz)
  6816 | D:7      | Found a bloodstained altar of Trog.
  6821 | D:7      | Found a transporter.
  6837 | D:7      | Found a transporter.
  6970 | D:7      | Found Saedupt's Antique Armour Boutique.
  6973 | D:7      | Bought a faintly glowing scale mail for 261 gold pieces
  6973 | D:7      | Identified the cursed +1 scale mail "Patih" {Int+3} (You
                  | bought it in a shop on level 7 of the Dungeon)
  7862 | D:7      | Mangled by an orc warrior

Levels and vault maps discovered:
D:1:      lightli_arrival_boilingwater, layout_basic, minmay_bisected
D:2:      layout_loops_cross
D:3:      layout_rooms, chequers_ecumenical_altar_simple, first_ration,
          serial_park_tiny_1
D:4:      layout_loops_cross
D:5:      layout_loops_corners, lemuel_doored_altar
D:6:      layout_rooms, temple_hall
D:7:      layout_basic, gammafunk_ghost_wrathful_warriors, serial_shops, shop,
          nicolae_shop_waterfront, kennysheep_mini_moat,
          nicolae_shop_overgrown_old_shop
D:8:      layout_rooms, serial_bayou, serial_bayou_pond_e, serial_bayou_pond_b,
          serial_bayou_shore_a, serial_bayou_pond_e, uniq_grum
Temple:   compressed_dpeg_triangle_lava_temple

Skill      XL: |  1  2  3  4  5  6  7  8  9 |
---------------+----------------------------+-----
Stealth        | 6 7 |  7.3
Invocations    | 1 2 3 4 |  4.5
Long Blades    | 1 2 3 4 |  4.1
Axes           | 1 2 3 4 |  4.1
Maces & Flails | 1 2 3 4 |  4.1
Polearms       | 1 2 3 4 |  4.1
Staves         | 1 2 3 4 |  4.1
Slings         | 1 2 3 4 |  4.1
Bows           | 1 2 3 4 |  4.1
Throwing       | 1 2 3 4 |  4.1
Armour         | 1 2 3 4 |  4.1
Shields        | 1 2 3 4 |  4.1
Unarmed Combat | 1 2 3 4 |  4.1
Spellcasting   | 1 2 3 4 |  4.1
Conjurations   | 1 2 3 |  3.3
Hexes          | 1 2 3 |  3.3
Charms         | 1 2 3 |  3.3
Summonings     | 1 2 3 |  3.3
Necromancy     | 1 2 3 |  3.3
Translocations | 1 2 3 |  3.3
Transmutations | 1 2 3 |  3.3
Fire Magic     | 1 2 3 |  3.3
Ice Magic      | 1 2 3 |  3.3
Air Magic      | 1 2 3 |  3.3
Earth Magic    | 1 2 3 |  3.3
Poison Magic   | 1 2 3 |  3.3
Short Blades   | 3 4 |  4.9
Crossbows      | 3 4 |  4.9
Dodging        | 3 4 |  4.9
Evocations     | 3 4 |  4.9
Fighting       | 7 |  7.8

Action                   |  1- 3 |  4- 6 |  7- 9 || total
-------------------------+-------+-------+-------++-------
Melee: Short sword       |    86 |   149 |       ||   235
       Bite              |     6 |    26 |    29 ||    61
       Punch             |       |     1 |     3 ||     4
       Quarterstaff      |       |    16 |       ||    16
       Dagger            |       |    37 |   237 ||   274
       Scimitar          |       |       |   103 ||   103
  Use: Scroll            |       |     4 |     6 ||    10
 Stab: Sleeping          |    13 |     6 |     4 ||    23
  Eat: Chunk             |       |     5 |       ||     5
       Ration            |       |     1 |     4 ||     5
Armor: Robe              |    12 |     9 |       ||    21
       Chain mail        |       |    44 |       ||    44
       Ring mail         |       |    14 |    82 ||    96
Dodge: Dodged            |    53 |    70 |   141 ||   264
Block: Other             |       |    19 |    18 ||    37
       Buckler           |       |       |    49 ||    49
       Reflection        |       |       |     3 ||     3
       Rpst.: Scimitar   |       |       |    16 ||    16
